wizbiz, neutral female human Wizard ----- --------- ## ##....| |.......| #------------ # |...| |.......| #|..........| ### |...-#### |.......-####|..........-#######------------# -.-|- # #.......>| |..........| #............# # # ### ----- ###---|----- |..........| |..........| ### # !%?+| # ##### ----|------- |..........| # ##..??%?| # # ## |..........+ ### ### %[%%| # ### # |..........| -.-|- # ----- # ############ ------------ |...| ### # -|---|--------- |...| # # |...<.........| |...|## # |.............| ----- ------# |.............| |.....# |.............| |....| --------------- |.....# ------ wizbiz the Evoker Experience level: 2 Strength: 12 Dexterity: 12 Constitution: 16 Intelligence: 17 Wisdom: 8 Charisma: 10 Health: 0(23) Energy: 18(18) Def: 4 Gold: 0 Moves: 1219 Dungeon seed: 67oAYX3-arxMY6R0 Game ID: wizbiz_1525752170 Your Inventory: Weapons a - a blessed +1 quarterstaff (weapon in hands) t - a blessed +0 orcish dagger Armor e - an uncursed +0 cloak of magic resistance (being worn) Scrolls i - 2 uncursed scrolls of confuse monster j - an uncursed scroll of enchant weapon k - an uncursed scroll of gold detection n - a cursed scroll of enchant armor p - an uncursed scroll of destroy armor w - an uncursed scroll of fire Spellbooks l - a blessed spellbook of force bolt m - an uncursed spellbook of remove curse Potions f - an uncursed potion of healing g - 2 uncursed potions of invisibility h - an uncursed potion of sickness Rings c - an uncursed +1 ring of increase accuracy (on right hand) d - an uncursed +3 ring of protection (on left hand) Tools o - an uncursed towel Gems q - 2 uncursed worthless pieces of blue glass r - an uncursed worthless piece of green glass Spells and supernatural/magical abilities: Name Level Category Fail Memory a - force bolt 1 attack 0% 94% r - remove curse 3 clerical 99% 94% W - pray for help -- divine ? -- Your skills at the end: Fighting Skills Weapon Skills quarterstaff [Basic] Spellcasting Skills attack spells [Basic] enchantment spells [Basic] Final Attributes: You were stridently aligned. You were magic-protected. You were blinded. You had a +1 bonus to hit. You were protected. You are dead. Vanquished creatures: a gecko a kobold a goblin 3 sewer rats 3 grid bugs 4 lichens 2 newts 15 creatures vanquished. Voluntary challenges: You were an atheist. You used a wielded weapon 11 times, starting on turn 137. You read items or engraved 1 time, starting on turn 511. You never genocided any monsters. You never polymorphed an object. You never changed form. You used no wishes. You never split a pudding. You never wrote Elbereth's name. You never violated your personal moral code. Dungeon overview: The Dungeons of Doom: levels 1 to 4 Level 1 a long staircase Level 2 a general store, a sink Level 3 <- You were here a general store Level 4 History has recorded: On T:1 you entered the Dungeons of Doom to retrieve the Amulet of Yendor! On T:62 you reached level 2 of The Dungeons of Doom. On T:397 you reached level 3 of The Dungeons of Doom. On T:685 you advanced to experience level 2. On T:1036 you reached level 4 of The Dungeons of Doom. Score breakdown: Gold: 0 ( 0 points) Experience: 2 levels ( 5570 points) Exploration: 4 levels ( 8.00%) ( 7423 points) Discoveries: 4 items ( 1.39%) ( 3541 points) Valuables value: (no points given unless you survive) Artifact value: 0 ( 0 points) Variety of kills: 7 monsters ( 1.84%) ( 4066 points) Turncount: 1219 turns ( 0 points) Survival: died (score multiplied by 80%) Total score: 16480 Latest messages: You stop. Your kitten is in the way! You displace your kitten. Nowhere else around here can be automatically explored. Where do you want to travel to? You displace your kitten. The door resists! The door opens. You displace your kitten. The door resists! (3x) The door opens. Something is written here in the dust. You read: "Closed for inventory". You stop exploring. This door is locked. That door is closed. (4x) As you kick the door, it crashes open! "How dare you break my door?" Akalapi zaps an oak wand! The bolt of lightning hits you! You are blinded by the flash! The bolt of lightning bounces! The bolt of lightning hits you! You die... Akalapi takes all your possessions. Final status: Goodbye wizbiz the Wizard, killed by a bolt of lightning... You died in The Dungeons of Doom on dungeon level 3 with 16480 points, and 0 pieces of gold, after 1219 moves. You were level 2 with a maximum of 23 hit points when you died.